 Dungeon Crawl Stone Soup version 0.18-a0-960-g77c8fc5 (webtiles) character file.

100 tof the Shield-Bearer (level 4, -2/38 HPs)
             Began as a Demigod Fighter on Dec 31, 2015.
             Killed by divine providence
             ... invoked by an orc priest
              (13 damage)
             ... on level 3 of the Dungeon.
             The game lasted 00:03:31 (1503 turns).

tof the Shield-Bearer (Demigod Fighter)             Turns: 1503, Time: 00:03:31

Health: -2/38      AC:  6    Str: 16    XL:     4   Next: 23%
Magic:  6/6        EV:  7    Int: 12    God:
Gold:   79         SH:  9    Dex: 17    Spells: 0 memorised, 3 levels left

rFire  x . .     SeeInvis .     a - +0 long sword
rCold  + . .     Gourm    .     b - +0 scale mail
rNeg   . . .     Faith    .     c - +0 shield
rPois  .         Spirit   .     (no helmet)
rElec  .         Dismiss  .     (no cloak)
rCorr  .         Reflect  .     (no gloves)
SustAt +         Harm     .     (no boots)
MR     .....                    (no amulet)
Stlth  ..........               n - -3 ring of strength (curse)
                                l - ring of ice

@: not resistant to hostile enchantments, extremely unstealthy
A: high mp 1, sustain attributes
a: no special abilities


You were on level 3 of the Dungeon.
You were not hungry.

You visited 1 branch of the dungeon, and saw 3 of its levels.

You collected 79 gold pieces.

Inventory:

Hand Weapons
 a - a +0 long sword (weapon)
Armour
 b - a +0 scale mail (worn)
 c - a +0 shield (worn)
 r - a +0 ring mail of poison resistance
Jewellery
 l - a ring of ice (left hand)
 n - a cursed -3 ring of strength (right hand)
Wands
 o - a wand of hasting (5/9)
Scrolls
 e - a scroll of recharging {unknown}
 g - a scroll of fear {unknown}
 h - a scroll of remove curse {unknown}
 i - 2 scrolls of identify {unknown}
 m - a scroll of amnesia {unknown}
Potions
 d - 2 potions of might
 j - 2 potions of invisibility {unknown}
 p - a potion of poison {unknown}
Comestibles
 f - 2 bread rations
 k - a meat ration
 q - 4 fruits


   Skills:
 + Level 3.2 Fighting
 + Level 2.5 Long Blades
 + Level 3.0 Armour
 + Level 1.3 Dodging
 + Level 0.2 Stealth
 + Level 3.3 Shields


You had 3 spell levels left.
You didn't know any spells.

Dungeon Overview and Level Annotations

Branches:
Dungeon (3/15)


Innate Abilities, Weirdness & Mutations

You have an increased reservoir of magic (+10% MP).
Your attributes are resistant to harm.


Message History

An orc wizard comes into view. It is wielding a dagger.
Items here: )) [ †† a whip; a leather armour; a club; an orc corpse; a goblin corpse You see here a goblin corpse.
Things that are here:
a whip; a chunk of flesh The orc wizard mumbles some strange words.
The orc wizard seems to speed up.
The orc wizard mumbles some strange words.
The orc wizard flickers and vanishes!
Deactivating autopickup; reactivate with Ctrl-A.
The orc priest casts a cantrip, but nothing happens.
You closely miss the orc. The orc barely misses you.
You barely miss the orc. The orc hits you with a mace.
* * * LOW HITPOINT WARNING * * *
You slash the orc!
You kill the orc!
The orc priest calls down the wrath of Beogh upon you.
Something smites you!
You die...

#.. ##.{.......#
#. ##≈..♣..≈## #
#≈≈o).≈≈#
#..#######...###
........(..o##
#)#####.###.#
#(# #.# #o# #.#
#.# #o# #.####.#
#.# #@# .......#
#.# #.# ..####.#
#.# #.#
.....<.#####.#
#.#
.............#
#.#
.#.###########
#.# # #.# #.#


You could see an orc priest and 3 orcs.

Vanquished Creatures
  An orc priest (D:3)
  An adder (D:2)
  2 worms (D:2)
  2 giant geckos
  4 orcs (D:3)
  A ball python (D:2)
  A giant cockroach (D:2)
  11 goblins
  3 hobgoblins
  A quokka (D:2)
  7 bats
  4 giant newts
  6 kobolds
  5 rats
49 creatures vanquished.

Notes
Turn   | Place    | Note
--------------------------------------------------------------
     0 | D:1      | tof the Demigod Fighter began the quest for the Orb.
     0 | D:1      | Reached XP level 1. HP: 18/18 MP: 3/3
   221 | D:1      | Reached XP level 2. HP: 25/25 MP: 4/4
   230 | D:1      | Reached skill level 3 in Fighting
   847 | D:2      | Reached XP level 3. HP: 31/31 MP: 5/5
   902 | D:2      | Reached skill level 1 in Dodging
  1060 | D:2      | Found an iron altar of Okawaru.
  1289 | D:2      | Found an oddly glowing altar of Pakellas.
  1466 | D:3      | Found a white marble altar of Elyvilon.
  1478 | D:3      | Reached XP level 4. HP: 19/38 MP: 6/6
  1503 | D:3      | Killed from afar by an orc priest

Vault maps used:
D:1:      lightli_arrival_maybe_door_vault
D:2:      old_standard_altar, grunt_pakellas_basics
D:3:      elyvilon_altar_4, first_bread, vehumet_altar_wand_db

Action                   |  1- 3 |  4- 6 || total
-------------------------+-------+-------++-------
Melee: Long sword        |   128 |    11 ||   139
 Stab: Distracted        |     1 |       ||     1
  Eat: Chunk             |     2 |       ||     2
